Map: 2000 Atmospheres LE

Players

RagnaroK (SHIN)

  • Race: Zerg Zerg
  • League: Master

Trap - Winner!

  • Race: Protoss Protoss

Event: TSL 8

VOD

Have the link to the VOD?

Description

Time

  • Played on: Dec. 11, 2021, 10:37 a.m.
  • Length: 19:48

All games in this series

Show
View Real Time Build Order
Export as new Build Order

RagnaroK Zerg 

Build Orders: Hatch First 

Get SALT Encoding   

  12  0:00  Drone  
  13  0:12  Overlord  
  13  0:17  Drone  
  14  0:31  Drone x2  
  16  0:42  Drone  
  17  0:52  Hatchery  
  17  0:54  Drone  
  17  0:57  Drone  
  18  1:08  Extractor  
  17  1:13  Spawning Pool  
  17  1:16  Drone  
  17  1:19  Drone  
  18  1:28  Drone  
  19  1:39  Drone  
  20  1:50  Drone  
  21  2:01  Zergling x2  
  22  2:03  Queen x2  
  22  2:04  Zergling x2  
  27  2:12  Overlord  
  27  2:14  Drone  
  28  2:16  Metabolic Boost  
  28  2:28  Hatchery  
  27  2:31  Drone  
  27  2:33  Drone  
  27  2:35  Drone  
  30  2:38  Drone  
  31  2:46  Queen  
  33  2:51  Overlord  
  33  2:55  Drone x2  
  33  2:57  Drone  
  36  3:07  Overlord  
  36  3:10  Drone  
  37  3:14  Drone x3  
  37  3:15  Queen  
  42  3:22  Drone  
  42  3:23  Drone  
  42  3:25  Queen  
  46  3:27  Drone  
  46  3:29  Drone  
  48  3:38  Overlord  
  48  3:40  Drone x2  
  50  3:44  Drone x2  
  50  3:45  Drone  
  53  3:52  Roach Warren  
  53  3:53  Drone x3  
  55  3:59  Zergling x6  
  58  4:03  Zergling x4  
  58  4:07  Zergling x2  
  61  4:13  Overlord x2  
  60  4:23  Spore Crawler, Drone  
  60  4:25  Spore Crawler  
  60  4:26  Spore Crawler  
  58  4:32  Roach x6  
  58  4:33  Zergling x4  
  58  4:35  Zergling x4  
  74  4:44  Zergling x2  
  75  4:46  Zergling x4  
  75  4:50  Overlord  
  75  4:51  Zergling x4  
  79  4:57  Overlord x2  
  79  4:58  Extractor  
  78  5:01  Roach  
  78  5:05  Zergling x6  
  81  5:13  Roach x3  
  81  5:19  Roach  
  81  5:20  Roach  
  76  5:22  Evolution Chamber  
  76  5:24  Evolution Chamber  
  76  5:26  Zergling x14  
  79  5:33  Zergling x2  
  79  5:34  Zergling x6  
  83  5:38  Drone x2  
  83  5:41  Drone  
  86  5:46  Drone  
  86  5:48  Drone  
  86  5:49  Lair  
  88  5:51  Drone  
  89  5:59  Overlord  
  89  6:00  Drone  
  89  6:02  Drone  
  91  6:08  Drone  
  91  6:09  Extractor  
  91  6:10  Extractor, Roach x2  
  94  6:12  Drone x2  
  94  6:22  Zergling x2, Roach x5  
  105  6:26  Drone  
  105  6:27  Drone x3  
  105  6:31  Drone  
  111  6:32  Drone  
  111  6:34  Extractor  
  111  6:35  Extractor  
  111  6:39  Drone x3  
  113  6:40  Drone  
  112  6:49  Roach  
  112  6:51  Overlord x2, Overseer  
  112  6:52  Glial Reconstitution  
  113  7:05  Spire  
  113  7:07  Zergling x4  
  113  7:10  Zergling x16, Roach  
  123  7:17  Overlord  
  123  7:18  Zergling x2  
  123  7:19  Zergling x6  
  126  7:23  Ravager x4  
  130  7:31  Overlord x3  
  130  7:32  Overlord  
  130  7:34  Overlord  
  130  7:51  Zergling x24  
  142  7:58  Drone  
  142  7:59  Drone x2  
  142  8:04  Drone  
  143  8:14  Hatchery  
  130  8:20  Mutalisk x7  
  130  8:24  Mutalisk  
  144  8:31  Mutalisk x3  
  141  8:41  Drone x3  
  141  8:42  Drone x2  
  141  8:45  Mutalisk  
  141  8:46  Mutalisk  
  149  8:53  Zerg Flyer Weapons Level 1  
  149  8:54  Mutalisk  
  151  8:57  Overlord  
  151  9:01  Mutalisk  
  153  9:03  Drone x5  
  158  9:13  Extractor  
  158  9:14  Extractor  
  158  9:15  Mutalisk x2  
  160  9:18  Drone x9  
  169  9:26  Baneling Nest  
  169  9:27  Drone x2  
  169  9:29  Evolution Chamber  
  169  9:30  Mutalisk x2  
  173  9:33  Mutalisk  
  175  9:42  Overlord, Mutalisk  
  177  9:46  Mutalisk  
  179  9:55  Mutalisk  
  179  9:56  Mutalisk  
  179  9:58  Overlord  
  179  9:59  Mutalisk  
  175  10:06  Zerg Melee Weapons Level 1  
  177  10:09  Drone x2  
  177  10:11  Hatchery, Drone  
  177  10:13  Mutalisk  
  177  10:14  Mutalisk  
  179  10:18  Drone  
  179  10:19  Hatchery, Drone  
  184  10:23  Mutalisk x2  
  188  10:29  Centrifugal Hooks  
  188  10:33  Mutalisk  
  190  10:40  Mutalisk  
  190  10:59  Overseer  
  190  11:06  Drone x5  
  195  11:16  Zergling x2  
  195  11:17  Zergling x8  
  200  11:21  Baneling x32  
  198  11:33  Roach  
  198  11:35  Baneling x10  
  200  11:48  Infestation Pit  
  199  12:12  Zergling x10  
  192  12:25  Zergling x2, Roach  
  192  12:26  Zergling x30  
  188  12:30  Overlord x2  
  188  12:31  Overlord x2  
  188  12:33  Overlord  
  188  12:35  Overlord  
  180  12:44  Overlord  
  173  12:50  Mutalisk x12  
  172  13:03  Mutalisk x2  
  156  13:05  Drone x2  
  156  13:06  Drone x6  
  151  13:13  Drone x2, Spine Crawler x3  
  151  13:14  Mutalisk, Spine Crawler x2  
  151  13:15  Mutalisk  
  151  13:16  Spine Crawler x2  
  151  13:17  Spine Crawler  
  146  13:24  Drone x4  
  146  13:25  Drone  
  146  13:26  Roach Warren  
  139  13:28  Zergling x14  
  117  13:43  Drone  
  116  13:53  Drone x5  
  118  14:08  Roach x6  
  127  14:11  Roach x2  
  127  14:16  Roach  
  131  14:17  Roach x2  
  131  14:19  Roach  
  131  14:22  Roach x2  
  137  14:30  Roach  
  134  14:33  Roach  
  126  14:42  Spawning Pool, Roach  
  126  14:43  Roach  
  126  14:50  Unknown  
  123  14:53  Overlord  
  123  14:56  Overlord  
  85  15:30  Queen, Drone x3  
  85  15:31  Roach Warren, Queen  
  85  15:32  Extractor x2, Hatchery  
  88  15:35  Hatchery  
  82  16:10  Roach  
  82  16:11  Ravager, Roach x5  
  90  16:12  Ravager  
  92  16:22  Overlord  
  92  16:23  Roach  
  92  16:25  Lair  
  94  16:34  Roach x2  
  94  16:37  Ravager x6  
  94  16:38  Roach  
  106  16:40  Roach x2  
  106  16:45  Roach x3  
  112  16:48  Zergling x6  
  115  16:54  Ravager  
  115  16:57  Zergling x6  
  119  17:02  Baneling Nest, Drone  
  119  17:03  Queen, Drone  
  119  17:04  Queen  
  124  17:12  Overlord x4  
  121  17:16  Ravager  
  121  17:21  Roach x3  
  120  17:26  Zergling x14  
  127  17:32  Zergling x4, Roach  
  127  17:36  Roach  
  133  17:39  Ravager  
  124  17:45  Zergling x4, Roach  
  124  17:49  Zergling x2  
  124  17:50  Zergling x2  
  128  17:53  Zergling x4  
  122  18:02  Roach x3  
  102  18:09  Zergling x8  
  75  18:13  Zergling x6  
  75  18:19  Zergling x2  
  77  18:20  Zergling x4  
  77  18:23  Zergling x10  
  80  18:28  Roach  
  80  18:31  Roach  
  80  18:32  Roach  
  76  18:34  Zergling x2  
  76  18:37  Zergling x2  
  76  18:40  Roach  
  60  18:41  Zergling x2  
  60  18:46  Zergling x4  
  60  18:48  Zergling x2  
  55  18:50  Zergling x2  
Show
View Real Time Build Order
Export as new Build Order

Trap Protoss - Winner!

Build Orders: 1 Gate Expand, Mass Adepts 

Get SALT Encoding   

  12  0:00  Probe  
  13  0:13  Pylon  
  13  0:16  Probe (Chrono Boost)  
  14  0:26  Probe (Chrono Boost)  
  15  0:31  Probe (Chrono Boost)  
  16  0:40  Gateway  
  16  0:43  Probe  
  16  0:48  Assimilator  
  17  0:55  Probe  
  18  1:07  Probe  
  19  1:19  Probe  
  19  1:24  Nexus  
  20  1:34  Cybernetics Core  
  20  1:37  Probe  
  21  1:45  Assimilator  
  21  1:49  Probe  
  21  1:51  Pylon  
  22  2:01  Probe (Chrono Boost)  
  23  2:10  Adept  
  23  2:11  Warp Gate  
  23  2:13  Probe (Chrono Boost)  
  26  2:19  Twilight Council  
  26  2:21  Probe (Chrono Boost)  
  27  2:29  Probe (Chrono Boost)  
  28  2:36  Probe (Chrono Boost)  
  29  2:40  Stalker  
  32  2:45  Probe x2 (Chrono Boost)  
  32  2:50  Probe (Chrono Boost), Robotics Facility  
  33  2:54  Probe  
  35  3:02  Gateway  
  36  3:05  Probe  
  36  3:06  Probe  
  36  3:07  Resonating Glaives (Chrono Boost)  
  37  3:17  Probe  
  37  3:18  Probe  
  39  3:20  Adept  
  41  3:31  Gateway  
  41  3:33  Gateway  
  41  3:34  Warp Prism (Chrono Boost)  
  43  3:42  Pylon  
  43  3:46  Probe x2  
  45  3:53  Gateway  
  45  3:55  Gateway  
  45  4:03  Adept x2  
  49  4:15  Pylon, Assimilator  
  49  4:16  Pylon  
  49  4:28  Adept x2  
  53  4:32  Pylon  
  53  4:33  Adept x2  
  53  4:34  Probe x2  
  59  4:41  Observer  
  60  4:52  Adept x4  
  68  4:53  Adept  
  68  4:54  Adept  
  68  4:59  Pylon  
  72  5:02  Pylon  
  70  5:15  Adept x4  
  62  5:24  Immortal (Chrono Boost)  
  62  5:29  Probe x2  
  60  5:44  Adept x2  
  60  5:46  Probe x2  
  66  5:55  Nexus, Immortal (Chrono Boost)  
  66  6:02  Probe x2  
  72  6:08  Adept x2  
  76  6:12  Pylon  
  76  6:14  Probe  
  76  6:16  Probe  
  78  6:24  Assimilator  
  78  6:25  Forge  
  78  6:27  Probe  
  78  6:28  Probe  
  78  6:31  Immortal (Chrono Boost)  
  80  6:37  Sentry x2  
  80  6:38  Sentry  
  90  6:42  Blink  
  90  6:43  Shield Battery  
  90  6:44  Probe  
  90  6:45  Probe  
  92  6:56  Probe  
  92  6:57  Probe  
  94  7:02  Shield Battery  
  94  7:03  Protoss Ground Weapons Level 1 (Chrono Boost)  
  94  7:05  Pylon  
  94  7:08  Stalker  
  94  7:10  Probe x2  
  94  7:11  Probe  
  94  7:14  Stalker  
  101  7:17  Stalker  
  101  7:22  Probe x2  
  105  7:27  Pylon  
  105  7:29  Immortal (Chrono Boost)  
  105  7:35  Probe x3  
  112  7:44  Assimilator x2  
  112  7:50  Stalker, Sentry x2  
  118  7:53  Pylon  
  118  7:57  Pylon  
  118  8:01  Shield Battery, Zealot  
  118  8:02  Shield Battery  
  120  8:07  Immortal  
  124  8:19  Zealot  
  122  8:20  Zealot x3  
  122  8:23  Adept x2  
  130  8:31  Probe x3  
  127  8:39  Photon Cannon  
  125  8:43  Probe  
  125  8:44  Stalker  
  125  8:45  Stalker x4  
  136  8:48  Photon Cannon  
  136  8:57  Robotics Bay  
  136  8:58  Probe x3  
  139  9:03  Photon Cannon  
  138  9:10  Probe  
  138  9:11  Probe x2  
  139  9:20  Protoss Ground Weapons Level 2 (Chrono Boost)  
  139  9:23  Probe x2, Stalker x4  
  148  9:31  Shield Battery  
  148  9:33  Pylon  
  148  9:35  Pylon  
  148  9:38  Pylon  
  148  9:46  Observer  
  148  9:48  Colossus (Chrono Boost)  
  151  9:55  Stalker x2  
  148  10:03  Probe x3 (Chrono Boost)  
  148  10:05  Extended Thermal Lance  
  151  10:11  Shield Battery  
  151  10:12  Probe x3 (Chrono Boost)  
  154  10:17  Probe x3 (Chrono Boost)  
  154  10:20  Templar Archives  
  157  10:31  Colossus (Chrono Boost)  
  163  10:36  Stalker x2  
  163  10:38  Stalker  
  169  10:43  Photon Cannon  
  169  10:45  Pylon  
  169  10:49  Pylon  
  169  11:02  High Templar x2  
  173  11:06  Archon  
  173  11:08  High Templar x3  
  173  11:09  High Templar  
  181  11:12  Archon  
  181  11:13  Archon, Charge  
  181  11:22  Pylon  
  181  11:25  Pylon  
  181  11:29  Gateway, Observer  
  181  11:32  Gateway  
  176  11:34  Gateway  
  176  11:37  Photon Cannon  
  176  11:41  Photon Cannon  
  176  11:42  Photon Cannon  
  176  11:45  Zealot x4, High Templar x2  
  188  11:51  Archon  
  188  12:05  Stalker x2  
  188  12:06  Stalker x2  
  123  12:30  Stalker x5  
  123  12:31  Stalker x3  
  132  12:53  High Templar x2  
  134  12:58  Stalker  
  134  12:59  Stalker  
  132  13:12  Photon Cannon  
  131  13:16  Photon Cannon  
  126  13:28  Cybernetics Core, Gateway  
  126  13:32  Gateway  
  126  13:44  High Templar x3  
  126  13:46  Pylon  
  129  13:50  Archon  
  121  13:57  Probe x3  
  121  14:12  Pylon  
  121  14:16  High Templar  
  121  14:17  High Templar x2  
  112  14:21  Archon  
  98  14:40  Stalker x2  
  102  14:59  Pylon  
  98  15:04  Pylon  
  98  15:06  Stalker x5  
  90  15:10  Pylon  
  79  15:21  Probe (Chrono Boost)  
  79  15:22  Probe (Chrono Boost), Observer  
  79  15:23  Pylon  
  79  15:32  Probe (Chrono Boost)  
  79  15:33  Probe (Chrono Boost)  
  81  15:36  Zealot  
  81  15:37  Probe (Chrono Boost)  
  81  15:38  Probe (Chrono Boost)  
  85  15:47  Probe (Chrono Boost)  
  86  15:52  Probe (Chrono Boost)  
  86  15:55  Stargate  
  88  15:57  Stargate  
  88  15:58  Probe (Chrono Boost)  
  88  16:00  Probe (Chrono Boost)  
  88  16:03  Probe (Chrono Boost)  
  89  16:06  Probe  
  89  16:14  Probe  
  90  16:29  Nexus  
  90  16:41  Phoenix (Chrono Boost)  
  90  16:44  Phoenix (Chrono Boost)  
  92  16:55  Sentry x3  
  100  17:02  Phoenix (Chrono Boost)  
  100  17:05  Phoenix (Chrono Boost)  
  102  17:22  Phoenix (Chrono Boost)  
  98  17:30  Phoenix (Chrono Boost)  
  90  17:42  Phoenix (Chrono Boost)  
  72  18:08  Stalker  
  72  18:09  Stalker  
  74  18:24  Sentry x3  
  66  18:49  Stalker x2  
Tags
 
Add a new tag
Caveats
  • Supply blocks, unpowered buildings, or Contaminate may cause inaccurate times.
  • Supply counts are checked every 10 seconds.